 Dungeon Crawl Stone Soup version 0.20-a0-555-gf6ae02d (webtiles) character file.

793 M4edhros the Covert (level 7, -3/43 HPs)
             Began as an Octopode Artificer on Feb 4, 2017.
             Slain by a wight
             ... wielding a cursed +0 war axe
              (5 damage)
             ... on level 5 of the Dungeon.
             The game lasted 00:02:34 (1710 turns).

M4edhros the Covert (Octopode Artificer)            Turns: 1710, Time: 00:02:35

Health: -3/43      AC:  1    Str: 11    XL:     7   Next: 88%
Magic:  9/9        EV: 12    Int: 14    God:
Gold:   66         SH:  0    Dex: 14    Spells: 6/6 levels left

rFire    + . .     SeeInvis .   h - +2 flail (freeze)
rCold    x . .     Gourm    .   (no shield)
rNeg     . . .     Faith    .   (helmet restricted)
rPois    .         Spirit   .   (no amulet)
rElec    .         Reflect  .   e - ring of fire
rCorr    .         Harm     .   (no ring)
MR       .....                  (no ring)
Stlth    +++++.....             (no ring)
Regen    0.2/turn               (no ring)
                                (no ring)
                                (no ring)
                                (no ring)

@: heavily drained
A: almost no armour, stealthy swim, amphibious, 8 rings, constrict 8, camouflage
1, gelatinous body 1
a: no special abilities


You were on level 5 of the Dungeon.
You were not hungry.

You visited 1 branch of the dungeon, and saw 5 of its levels.

You collected 66 gold pieces.

Inventory:

Hand Weapons
 a - a +0 short sword
 g - a -1 spear
 h - a +2 flail of freezing (weapon)
 k - a +0 dagger of holy wrath
Jewellery
 e - a ring of fire (left tentacle)
Wands
 b - a wand of flame (8/48)
 c - a wand of enslavement (6/24)
 d - a wand of random effects (4/48)
Scrolls
 i - a scroll of remove curse
 m - a scroll of amnesia {unknown}
Comestibles
 j - a meat ration


   Skills:
 - Level 1.0(0.0) Fighting
 - Level 1.0(0.0) Short Blades
 - Level 2.0(0.8) Dodging
 + Level 11.9(10.3) Stealth
 - Level 3.2(2.0) Evocations


You had 6 spell levels left.
You didn't know any spells.

Dungeon Overview and Level Annotations

Branches:
Dungeon (5/15)
 Temple: D:4-7

Altars:


Innate Abilities, Weirdness & Mutations

You cannot wear most types of armour.
You are very stealthy in the water. (Stealth+)
You are amphibious.
You can wear up to eight rings at the same time.
You can use your tentacles to constrict eight enemies at once.
Your skin changes colour to match your surroundings (Stealth+).
Your rubbery body absorbs attacks. (AC +1, EV +1)


Message History

You destroy the wight!
Things that are here:
an enchanted great sword; a robe The helpless wight fails to defend itself.
You sock the wight! Your grab misses the wight.
The wight is severely damaged.
The wight hits you with a war axe.
You feel drained.
You barely miss the wight. You grab the wight.
The wight is severely damaged.
You constrict the wight, but do no damage.
The wight hits you with a war axe!
You are too injured to fight recklessly!
You are too injured to fight recklessly!
You barely miss the wight.
The wight is severely damaged.
You constrict the wight, but do no damage.
The wight hits you with a war axe!
* * * LOW HITPOINT WARNING * * *
You feel drained.
You die...

#.# ... #.# #.#
#####.## #)# #......#
#.# # ####......# #.#
#.#.........###.#####
#.......)#.......(..#
#.......##[)##.###.#
#...@...###.##.# #.#
......z...## #.##.# #.#
..........####..#.###.#
#.........##..........#
...#.#######..........#
.. #.#######..........#
. . ............>###.#
.# ...........### #.#
##########.# #.#


You could see a wight.

Vanquished Creatures
  Pikel (D:4)
  A bullfrog (D:5)
  2 wights (D:5)
  2 orc wizards
  A bullfrog skeleton (D:4)
  A hound skeleton (D:4)
  2 dart slugs (D:1)
  A leopard gecko (D:5)
  4 orcs
  A giant cockroach (D:1)
  3 goblins
  A hobgoblin (D:1)
  A quokka (D:3)
  2 bats
  2 frilled lizards
  3 rats (D:1)
28 creatures vanquished.

Vanquished Creatures (collateral kills)
  A slave (D:4)
  A wight (D:5)
  An orc priest (D:4)
  A worker ant (D:4)
  5 orcs (D:4)
9 creatures vanquished.

Vanquished Creatures (others)
  2 slaves (D:4)
  An ogre (D:4)
  An orc (D:4)
4 creatures vanquished.

Grand Total: 41 creatures vanquished

Notes
Turn   | Place    | Note
-------+----------+-------------------------------------------
     0 | D:1      | M4edhros the Octopode Artificer began the quest for the Orb.
     0 | D:1      | Reached XP level 1. HP: 13/13 MP: 3/3
   130 | D:1      | Reached skill level 2 in Stealth
   168 | D:1      | Reached skill level 3 in Stealth
   168 | D:1      | Reached XP level 2. HP: 16/18 MP: 4/4
   298 | D:3      | Reached skill level 5 in Stealth
   298 | D:3      | Reached XP level 3. HP: 18/23 MP: 5/5
   317 | D:3      | HP: 1/23 [quokka (5)]
   634 | D:4      | Reached skill level 6 in Stealth
   634 | D:4      | Reached XP level 4. HP: 23/28 MP: 6/6
   690 | D:4      | Noticed a slave
   691 | D:4      | Noticed a slave
   692 | D:4      | Noticed a slave
   692 | D:4      | Noticed Pikel
   752 | D:4      | Noticed a slave
   762 | D:4      | Killed a slave
   766 | D:4      | Killed Pikel
   766 | D:4      | Reached skill level 10 in Stealth
   766 | D:4      | Reached XP level 5. HP: 15/33 MP: 7/7
   766 | D:4      | Reached XP level 6. HP: 17/38 MP: 8/8
   766 | D:4      | Reached XP level 7. HP: 19/43 MP: 9/9
  1011 | D:4      | Reached skill level 11 in Stealth
  1025 | D:5      | Entered Level 5 of the Dungeon
  1710 | D:5      | HP: 2/43 [wight/war axe (12)]
  1710 | D:5      | Slain by a wight

Vault maps used:
D:1:      ncdulo_wetmaze, minmay_heptomino_d4
D:2:      roderic_lattice_a, st_stairs_3, uniq_sigmund
D:3:      chequers_ecumenical_altar_simple
D:4:      zin_angel, uniq_eustachio, uniq_pikel
D:5:      first_bread, uniq_edmund

Skill      XL: |  1  2  3  4  5  6  7 |
---------------+----------------------+-----
Stealth        | 3 5 6 10 11 | 11.9
Fighting       | |  1.0
Short Blades   | |  1.0
Dodging        | |  2.0
Evocations     | |  3.2

Action                   |  1- 3 |  4- 6 |  7- 9 || total
-------------------------+-------+-------+-------++-------
Melee: Spear             |    34 |     5 |    21 ||    60
       Constrict         |     7 |     1 |     8 ||    16
       Short sword       |     2 |       |       ||     2
       Tentacles         |     1 |     1 |     5 ||     7
       Flail             |       |       |     8 ||     8
Evoke: Wand              |     8 |     8 |    11 ||    27
  Use: Scroll            |     1 |       |     1 ||     2
       Potion            |       |       |     2 ||     2
 Stab: Sleeping          |     3 |     2 |     3 ||     8
  Eat: Bread ration      |       |       |     1 ||     1
Armor: Skin              |     2 |       |     7 ||     9
Dodge: Dodged            |    17 |     4 |    10 ||    31
